Map: Lightshade LE

Players

A.I. 1 (Elite) - Winner!

  • Race: Protoss Protoss
  • Spawn Location: 5:00

kofuku

  • Race: Terran Terran
  • Spawn Location: 11:00

VOD

Have the link to the VOD?

Description

Time

  • Played on: Jan. 29, 2021, 11:15 a.m.
  • Length: 13:58
Show
View Real Time Build Order
Export as new Build Order

A.I. 1 (Elite) Protoss - Winner!

Build Orders:  

Get SALT Encoding   

  12  0:00  Probe  
  13  0:13  Probe  
  14  0:19  Pylon  
  14  0:25  Probe  
  15  0:33  Probe  
  15  0:41  Probe  
  16  0:47  Assimilator  
  17  0:50  Gateway  
  17  0:51  Probe  
  18  1:00  Pylon, Probe  
  19  1:08  Probe  
  19  1:18  Probe  
  21  1:30  Probe  
  22  1:37  Zealot  
  24  1:42  Probe  
  24  1:46  Nexus  
  25  1:58  Probe, Cybernetics Core  
  26  2:06  Probe  
  26  2:14  Probe  
  28  2:24  Pylon  
  28  2:35  Stalker, Warp Gate  
  28  2:37  Gateway  
  30  2:46  Assimilator  
  30  2:47  Probe  
  30  2:57  Adept  
  30  3:00  Probe  
  33  3:11  Probe  
  33  3:15  Pylon  
  33  3:17  Probe  
  35  3:23  Zealot, Probe  
  35  3:25  Adept  
  40  3:29  Probe  
  40  3:33  Robotics Facility  
  41  3:35  Probe  
  42  3:41  Probe  
  42  3:47  Probe  
  44  3:50  Adept  
  44  3:52  Probe  
  44  3:55  Adept  
  49  3:59  Probe  
  49  4:00  Probe  
  50  4:05  Pylon  
  50  4:09  Probe  
  51  4:11  Probe  
  53  4:20  Adept, Probe  
  53  4:21  Immortal  
  60  4:27  Pylon, Probe  
  61  4:32  Stalker, Probe  
  64  4:39  Probe  
  64  4:44  Robotics Facility, Probe  
  66  4:55  Stalker  
  66  4:57  Probe  
  66  4:58  Stalker, Probe  
  72  5:00  Immortal  
  72  5:06  Pylon  
  76  5:07  Pylon  
  76  5:15  Stalker  
  78  5:24  Probe, Sentry, Assimilator  
  78  5:26  Gateway  
  81  5:29  Assimilator  
  81  5:32  Stalker  
  83  5:37  Pylon  
  83  5:40  Stalker  
  85  5:47  Probe x2  
  87  5:55  Zealot  
  89  5:58  Probe  
  89  5:59  Pylon, Probe  
  89  6:03  Sentry  
  93  6:08  Probe, Forge  
  93  6:11  Probe  
  94  6:16  Stalker, Nexus  
  97  6:20  Zealot  
  99  6:28  Protoss Ground Weapons Level 1  
  99  6:30  Pylon  
  99  6:33  Forge  
  99  6:42  Robotics Bay  
  99  6:51  Pylon  
  99  6:53  Sentry  
  101  6:56  Protoss Ground Armor Level 1  
  101  6:58  Pylon  
  101  7:00  Observer  
  102  7:04  Gateway  
  102  7:12  Zealot  
  104  7:19  Twilight Council  
  104  7:20  Photon Cannon  
  104  7:23  Pylon  
  104  7:27  Warp Prism  
  104  7:28  Colossus, Probe x2  
  104  7:29  Probe  
  115  7:38  Assimilator  
  115  7:39  Pylon  
  115  7:40  Probe  
  115  7:42  Probe x2  
  118  7:51  Photon Cannon  
  118  7:52  Probe  
  118  7:54  Probe x2  
  118  7:57  Blink  
  121  7:59  Photon Cannon  
  121  8:03  Colossus  
  121  8:04  Photon Cannon, Probe  
  128  8:06  Pylon, Probe x2  
  130  8:15  Probe  
  130  8:16  Probe  
  130  8:18  Probe  
  133  8:22  Colossus  
  139  8:29  Photon Cannon, Probe  
  140  8:34  Photon Cannon, Stalker  
  140  8:37  Stalker  
  144  8:52  Gateway  
  144  8:55  Robotics Facility  
  144  8:56  Nexus, Protoss Ground Weapons Level 2  
  144  8:57  Warp Prism  
  146  9:03  Extended Thermal Lance  
  146  9:05  Disruptor  
  146  9:14  Photon Cannon  
  149  9:20  Stargate  
  149  9:23  Pylon  
  149  9:27  Zealot  
  149  9:28  Zealot  
  149  9:29  Zealot  
  143  9:31  Stalker  
  143  9:32  Disruptor  
  143  9:36  Observer  
  138  9:44  Zealot, Assimilator  
  141  9:46  Zealot  
  141  9:47  Zealot  
  141  9:48  Zealot  
  147  9:54  Zealot  
  147  9:59  Zealot  
  151  10:01  Immortal  
  151  10:06  Stalker  
  157  10:08  Stalker x2, Probe, Observer  
  157  10:09  Pylon  
  163  10:14  Stalker  
  163  10:15  Probe  
  163  10:19  Zealot, Probe  
  137  10:29  Stalker  
  137  10:30  Zealot  
  137  10:31  Adept  
  137  10:32  Stalker  
  117  10:37  Zealot  
  117  10:39  Gravitic Drive  
  117  10:42  Colossus  
  123  10:50  Stalker  
  123  10:51  Stalker, Zealot, Colossus, Sentry  
  123  10:55  Sentry  
  139  11:01  Pylon  
  139  11:05  Pylon  
  139  11:07  Protoss Ground Armor Level 2  
  139  11:08  Colossus  
  139  11:11  Adept  
  147  11:12  Zealot  
  147  11:13  Adept  
  147  11:14  Stalker  
  153  11:18  Stalker  
  153  11:24  Photon Cannon  
  155  11:27  Adept  
  155  11:28  Photon Cannon  
  155  11:29  Gravitic Boosters  
  155  11:31  Pylon, Zealot  
  159  11:45  Gateway  
  159  11:46  Stalker  
  161  11:48  Stalker  
  161  11:50  Nexus  
  163  12:02  Photon Cannon  
  163  12:06  Photon Cannon  
  163  12:08  Colossus  
  163  12:12  Disruptor  
  163  12:15  Disruptor  
  172  12:18  Stalker  
  172  12:21  Stalker  
  179  12:23  Stalker  
  179  12:26  Stalker  
  179  12:28  Zealot  
  185  12:39  Templar Archives, Adept  
  185  12:40  Assimilator  
  185  12:41  Zealot  
  185  12:42  Assimilator  
  161  12:59  Stalker  
  161  13:02  Stalker  
  161  13:05  Stalker  
  145  13:10  Sentry, Assimilator  
  143  13:15  High Templar, Sentry  
  143  13:19  High Templar  
  147  13:20  Pylon  
  147  13:24  Stalker  
  149  13:27  Assimilator  
  149  13:28  Stalker  
  149  13:33  Zealot  
  142  13:38  Stalker, Zealot  
  140  13:48  Adept  
  138  13:49  Photon Cannon, Nexus  
  138  13:50  High Templar  
  138  13:51  Sentry  
  138  13:53  High Templar  
  138  13:55  Pylon  
Show
View Real Time Build Order
Export as new Build Order

kofuku Terran 

Build Orders: Reaper Expand 

Get SALT Encoding   

  12  0:00  SCV  
  13  0:12  SCV  
  14  0:17  Supply Depot  
  14  0:24  SCV  
  15  0:38  SCV  
  15  0:40  Barracks  
  16  0:44  Refinery  
  16  0:50  SCV  
  17  1:03  SCV  
  18  1:15  SCV  
  19  1:28  Orbital Command, Reaper  
  20  1:39  Command Center  
  20  1:48  Supply Depot  
  20  1:53  SCV  
  21  2:03  Marine  
  21  2:05  Factory  
  22  2:09  SCV  
  23  2:19  Bunker  
  23  2:22  Barracks Reactor  
  23  2:24  Refinery  
  23  2:27  SCV  
  24  2:45  SCV  
  25  2:52  Hellion  
  25  2:54  Orbital Command  
  25  2:58  Marine x2, Supply Depot  
  29  3:08  Starport  
  29  3:11  SCV  
  30  3:16  Widow Mine  
  30  3:17  Marine  
  30  3:18  Marine  
  34  3:30  SCV  
  34  3:31  Supply Depot  
  35  3:36  SCV, Marine x2  
  38  3:52  SCV  
  38  3:53  SCV  
  38  3:54  Medivac  
  42  4:00  Supply Depot  
  42  4:04  SCV, Marine x2  
  45  4:10  Command Center  
  45  4:12  SCV  
  45  4:15  Widow Mine  
  48  4:17  SCV  
  48  4:23  Marine x2  
  51  4:32  Barracks  
  51  4:33  Starport Tech Lab, Barracks  
  51  4:35  SCV  
  51  4:38  SCV  
  53  4:39  Factory Tech Lab  
  53  4:44  Marine x2  
  55  4:49  Supply Depot  
  55  4:52  SCV x2  
  57  5:04  SCV x2  
  59  5:09  Engineering Bay  
  59  5:10  Engineering Bay  
  59  5:13  Factory Reactor, Marine x2  
  61  5:16  SCV x2, Refinery  
  61  5:18  Refinery  
  61  5:20  Medivac  
  65  5:29  Orbital Command  
  65  5:30  SCV x2  
  67  5:38  Marauder x2  
  67  5:40  Stimpack  
  67  5:41  Combat Shield  
  71  5:43  SCV  
  71  5:48  SCV  
  73  5:55  SCV  
  74  6:00  SCV  
  74  6:03  SCV  
  76  6:07  Terran Infantry Weapons Level 1  
  76  6:08  Terran Infantry Armor Level 1, SCV, Marine  
  76  6:09  Marine  
  76  6:10  Bunker, Supply Depot x2  
  79  6:14  SCV  
  80  6:19  Marauder  
  80  6:20  Marauder  
  80  6:24  SCV  
  85  6:27  Barracks  
  85  6:32  SCV  
  86  6:34  Orbital Command  
  86  6:35  Supply Depot  
  86  6:36  Factory Reactor  
  86  6:37  Marine x2  
  86  6:39  SCV  
  89  6:42  Marauder x2  
  89  6:46  Medivac  
  95  6:47  Medivac, Barracks  
  95  6:50  SCV  
  98  6:57  Marine x2  
  98  6:58  SCV  
  98  7:00  SCV  
  102  7:02  SCV  
  102  7:08  Armory  
  103  7:09  Supply Depot  
  103  7:10  SCV  
  103  7:12  SCV, Supply Depot  
  103  7:14  SCV  
  106  7:16  Marine x2  
  106  7:22  Marauder x2  
  112  7:23  SCV, Concussive Shells  
  112  7:24  SCV  
  112  7:27  Marine x2  
  116  7:34  Supply Depot  
  116  7:35  Factory Reactor, Supply Depot, Marine x2  
  118  7:37  Barracks Tech Lab  
  118  7:38  Medivac  
  118  7:39  Medivac  
  118  7:42  Refinery  
  118  7:44  SCV x3, Refinery  
  122  7:48  Marine x2  
  122  7:49  Marauder x2  
  131  7:54  Marine x2  
  131  7:56  SCV  
  131  7:57  Supply Depot  
  134  7:59  Terran Ship Weapons Level 1  
  134  8:01  Marauder, Supply Depot  
  134  8:03  SCV x2  
  138  8:09  Supply Depot, Marine x2  
  138  8:11  Marauder  
  138  8:12  Marauder, Supply Depot  
  144  8:15  SCV  
  144  8:18  Starport  
  145  8:21  Factory Reactor  
  145  8:23  Marine x2  
  145  8:24  Marauder, Medivac x2  
  145  8:25  Terran Infantry Weapons Level 2  
  153  8:27  Terran Infantry Armor Level 2  
  153  8:29  Marine x2  
  155  8:35  Marauder  
  155  8:36  Marauder  
  159  8:45  Barracks x2  
  159  8:48  Marine x3  
  160  8:49  Marine x2  
  160  8:52  Supply Depot  
  160  8:54  Supply Depot  
  164  9:00  Ghost Academy  
  164  9:07  Marauder x2  
  164  9:09  Command Center  
  168  9:12  Marine x3  
  168  9:13  Marine  
  168  9:14  SCV x2  
  168  9:15  SCV  
  175  9:18  Hellbat x2  
  176  9:33  Marine x4  
  176  9:34  Barracks Reactor, Barracks Tech Lab  
  176  9:35  Marauder x3  
  183  9:45  Viking x4  
  191  9:53  Marine x3  
  191  9:54  Marine  
  195  10:01  Enhanced Shockwaves, Terran Ship Weapons Level 2  
  195  10:05  Ghost x2  
  199  10:07  Marine  
  200  10:20  Marine x3  
  200  10:21  Marauder, Marine x3  
  180  10:25  Marauder  
  153  10:34  Marauder, Marine  
  132  10:38  Medivac x4, Marine x3  
  139  10:43  Marauder, Marine x2  
  139  10:47  Marauder  
  145  10:52  Marauder, Marine  
  145  10:55  Marine  
  149  11:01  Barracks  
  149  11:02  Orbital Command, Barracks  
  149  11:07  Marine x4  
  149  11:08  Marine  
  154  11:14  Marine  
  154  11:15  Ghost x3  
  161  11:19  Ghost  
  161  11:20  Personal Cloaking  
  163  11:25  Refinery  
  163  11:29  Refinery  
  163  11:42  Marine  
  163  11:43  Marine x5  
  163  11:46  Marauder x2  
  163  11:47  Marauder  
  175  11:54  Command Center  
  175  11:59  Viking x4  
  175  12:01  Barracks Reactor, Barracks Tech Lab  
  183  12:10  Marauder x2  
  183  12:11  Marauder  
  193  12:28  Factory  
  193  12:29  Factory Tech Lab  
  168  12:55  Marine x4  
  168  12:57  Marine  
  168  12:58  Marine x4  
  149  12:59  Marauder x2  
  149  13:05  Marine x2  
  119  13:13  Marine  
  119  13:18  Marine x2  
  119  13:19  Marauder  
  122  13:20  Marauder  
  120  13:31  Marine  
  120  13:32  Marine x4  
  117  13:36  Marine  
Tags
 
Add a new tag
Caveats
  • Supply blocks, unpowered buildings, or Contaminate may cause inaccurate times.
  • Supply counts are checked every 10 seconds.